 Dungeon Crawl Stone Soup version 0.29.0-4-gdea44cf6ec (webtiles) character file.

Game seed: 14129411861927102359

51 Mahakala the Cudgeller (level 3, -3/24 HPs)
             Began as a Gargoyle Monk on Aug 27, 2022.
             Slain by Robin
             ... wielding a +3 club
              (6 damage)
             ... on level 2 of the Dungeon.
             The game lasted 00:03:15 (1359 turns).

Mahakala the Cudgeller (Gargoyle Monk)              Turns: 1359, Time: 00:03:16

Health: -3/24      AC:  5    Str: 16    XL:     3   Next: 81%
Magic:  3/3        EV: 12    Int: 10    God:
Gold:   37         SH:  0    Dex: 12    Spells: 2/2 levels left

rFire   . . .      SeeInvis .   a - +0 mace
rCold   . . .      Faith    .   (no shield)
rNeg    + . .      Spirit   .   b - +0 robe
rPois   ∞          Reflect  .   (no helmet)
rElec   +          Harm     .   (no cloak)
rCorr   .          Rampage  .   (no gloves)
Will    .....                   (no boots)
Stlth   ++........              (no amulet)
HPRegen 0.08/turn               (no ring)
MPRegen 0.08/turn               (no ring)

@: no status effects
A: sickness immunity, AC +3, negative energy resistance 1, electricity
resistance, torment resistance 1, petrification resistance
a: no special abilities


You were on level 2 of the Dungeon.
You visited 1 branch of the dungeon, and saw 2 of its levels.

You collected 37 gold pieces.

Inventory:

Hand Weapons
 a - a +0 mace (weapon)
Armour
 b - a +0 robe (worn)
Scrolls
 f - a scroll of identify {unknown}
Potions
 c - a potion of ambrosia
 d - 2 potions of curing {unknown}
 e - 3 potions of mutation {unknown}
 g - a potion of resistance {unknown}


   Skills:
 + Level 3.9 Fighting
 * Level 4.1 Maces & Flails
 - Level 2.4 Dodging
 - Level 2.1 Stealth


You had 2 spell levels left.
You didn't know any spells.
Your spell library contained the following spells:

 Spells                   Type           Power      Damage    Failure   Level
 Shock                    Conj/Air       0%         1d3       36%         1
 Swiftness                Air            0%         N/A       75%         3
 Airstrike                Air            0%         2d(0-16)  98%         4


Dungeon Overview and Level Annotations

Branches:
Dungeon (2/15)

Altars:

Annotations:
D:2 Robin


Innate Abilities, Weirdness & Mutations

You are immune to sickness and miasma.
Your stone body is resilient. (AC +3)
You are immune to poison.
You resist negative energy. (rN+)
You are resistant to electric shocks. (rElec)
You are resistant to unholy torment.
You are immune to petrification.


Message History

The goblin no longer looks unusually strong.
The goblin barely misses you. The goblin hits you with a +0 dagger.
You miss the goblin.
The goblin hits you but does no damage. x2
You bump into the rock wall.
The goblin hits you with a +0 club. The goblin hits you with a +0 dagger.
You miss the goblin.
You feel less invigorated.
You feel less confused.
The goblin no longer looks unusually strong.
The goblin hits you but does no damage. x2; The goblin closely misses you.
The goblin hits you but does no damage.
You sock the goblin!
You kill the goblin!
The goblin misses you.
You hit the goblin but do no damage. The goblin closely misses you.
You closely miss the goblin. The goblin barely misses you.
Robin roars a battlecry!
The goblin goes into a battle-frenzy!
You closely miss the goblin. The goblin hits you with a +0 club.
Robin throws the goblin at you!
You barely miss the goblin. The goblin hits you with a +0 club.
You hit the goblin.
The goblin is heavily wounded.
The goblin barely misses you. Robin hits you with a +3 club. x2
* * * LOW HITPOINT WARNING * * *
The goblin misses you.
You closely miss Robin. The goblin hits you with a +0 club.
* * * LOW HITPOINT WARNING * * *
Robin barely misses you.
You hit Robin. Your punch misses Robin.
Robin is moderately wounded.
Robin barely misses you. The goblin hits you but does no damage.
You sock Robin!
Robin is severely wounded.
The goblin misses you. Robin barely misses you.
You hit Robin but do no damage.
Robin is severely wounded.
The goblin hits you with a +0 club.
* * * LOW HITPOINT WARNING * * *
Robin hits you with a +3 club.
You die...

............###....###
#.# g.......###.#
###....###.# ..#####.#
#.# ##.......### #.#
#.# ##g...g...# #g#
#.# ###....#.# #g# #.#
### ####.#.# #># #.#
#.# #.#.# #..
#.#####.# #.#.# #.#
#.g@g.).# ##g#.# #.#
#######.# ##.g..# #.#
#.# ##†###.## #.###.##
##.# #.g)g.# #.#
#.###.## ##.# #.#
##.###.##
#######.#####...##
...........†...##


You could see Robin and a goblin (strong).

Vanquished Creatures
  2 adders (D:2)
  A dart slug (D:1)
  3 ball pythons (D:1)
  A bat (D:1)
  3 endoplasms (D:2)
  8 goblins
  4 hobgoblins
  A quokka (D:1)
  3 frilled lizards (D:1)
  3 rats
29 creatures vanquished.

Vanquished Creatures (others)
  A fungus (D:2)
1 creature vanquished.

Grand Total: 30 creatures vanquished

Notes
Turn   | Place    | Note
-------+----------+-------------------------------------------
     0 | D:1      | Mahakala the Gargoyle Monk began the quest for the Orb.
     0 | D:1      | Reached XP level 1. HP: 14/14 MP: 1/1
   252 | D:1      | Reached XP level 2. HP: 19/19 MP: 2/2
   381 | D:1      | Found a faded altar of an unknown god.
   792 | D:2      | Reached XP level 3. HP: 16/24 MP: 3/3
  1232 | D:2      | Reached skill level 4 in Maces & Flails
  1287 | D:2      | Noticed Robin
  1359 | D:2      | Slain by Robin

Illustrated notes

Levels and vault maps discovered:
D:1:      matt_arrival_refuge, layout_rooms,
          shapermc_ecumenical_altar_notcrosses
D:2:      layout_loops_ring, eino_curves_02, uniq_crazy_yiuf_cottage, uniq_robin

Skill      XL: |  1  2  3 |
---------------+----------+-----
Maces & Flails | 4 |  4.1
Fighting       | |  3.9
Dodging        | |  2.4
Stealth        | |  2.1

Action                   || total
-------------------------++-------
Melee: Mace              ||   113
       Punch             ||     1
  Use: Potion            ||     1
 Stab: Sleeping          ||     5
Armor: Robe              ||    39
Dodge: Dodged            ||   100
